 Dungeon Crawl Stone Soup version 0.22.1-2-g9c5b331383 (webtiles) character file.

64 Bapho the Slasher (level 3, -1/31 HPs)
             Began as a Draconian Monk on Dec 12, 2018.
             Slain by Crazy Yiuf
             ... wielding a +3 quarterstaff of chaos
              (2 damage)
             ... on level 2 of the Dungeon.
             The game lasted 00:03:47 (1706 turns).

Bapho the Slasher (Draconian Monk)                  Turns: 1706, Time: 00:03:49

Health: -1/31      AC:  5    Str: 13    XL:     3   Next: 91%
Magic:  3/3        EV: 13    Int: 10    God:
Gold:   84         SH:  0    Dex: 14    Spells: 2/2 levels left

rFire    . . .     SeeInvis .   a - +0 falchion
rCold    . . .     Gourm    .   (no shield)
rNeg     . . .     Faith    .   (armour unavailable)
rPois    .         Spirit   .   (helmet restricted)
rElec    .         Reflect  .   (no cloak)
rCorr    .         Harm     .   (no gloves)
MR       .....                  (no boots)
Stlth    ++........             (no amulet)
HPRegen  0.10/turn              (no ring)
MPRegen  0.08/turn              (no ring)

@: lethally poisoned (-1 -> -9), slowed, drained, very slow
A: unfitting armour, cold-blooded, AC +5
a: no special abilities


You were on level 2 of the Dungeon.
You were not hungry.

You visited 1 branch of the dungeon, and saw 2 of its levels.

You collected 84 gold pieces.

Inventory:

Hand Weapons
 a - a +0 falchion (weapon)
Missiles
 e - 46 stones (quivered)
 n - 21 bolts
 r - 15 arrows
Jewellery
 t - a cursed amulet of inaccuracy {unknown}
Scrolls
 d - 4 scrolls of remove curse {unknown}
 h - a scroll of amnesia {unknown}
 i - a scroll of enchant weapon {unknown}
 j - a scroll of fog {unknown}
 m - a scroll of identify {unknown}
 p - a scroll of noise {unknown}
 q - a scroll of fear {unknown}
Potions
 f - a potion of berserk rage {unknown}
 g - a potion of ambrosia {unknown}
 k - a potion of heal wounds {unknown}
 l - a potion of mutation {unknown}
 o - 2 potions of invisibility {unknown}
 s - a potion of lignification {unknown}
Comestibles
 b - 2 rations


   Skills:
 - Level 3.2(3.0) Fighting
 * Level 4.9(4.6) Long Blades
 - Level 2.6(2.4) Dodging
 - Level 1.7(1.5) Stealth


You had 2 spell levels left.
You didn't know any spells.
Your spell library was empty.

Dungeon Overview and Level Annotations

Branches:
Dungeon (2/15)

Altars:

Annotations:
D:2 Crazy Yiuf


Innate Abilities, Weirdness & Mutations

Your plain brown scales are hard. (AC +5)
You cannot fit into any form of body armour.
You are cold-blooded and may be slowed by cold attacks.


Message History

Crazy Yiuf hits you with a quarterstaff of chaos!
You are poisoned.
You closely miss Crazy Yiuf.
Crazy Yiuf is lightly wounded.
You feel sick.
Crazy Yiuf hits you with a quarterstaff of chaos.
You feel drained.
You hit Crazy Yiuf.
Crazy Yiuf is heavily wounded.
You feel sick.
Crazy Yiuf hits you with a quarterstaff of chaos.
You feel yourself slow down.
You hit Crazy Yiuf but do no damage.
Crazy Yiuf is heavily wounded.
* * * LOW HITPOINT WARNING * * *
You feel sick.
Crazy Yiuf hits you with a quarterstaff of chaos!
* * * LOW HITPOINT WARNING * * *
Crazy Yiuf burns you.
You die...

....########...#
####.###.).###.#
..........##...#
#...............
#.........##...#
#.......##.###.#
#.........######
#####...........
#.........#
#.......##.#
###########
#####
##...)..##.#
#)..#
#.......#.#
#.g.#
#.....#.#.#
#.@.#
#.....#...#
##'##
#.....##..# ♣.♣♣
##.....##..#
♣♣.♣
#......##.>#
♣.♣♣
#.########.#
♣♣.♣ #.# #..
♣♣.♣♣ #.# ###
♣♣P..♣ #.#
♣PP..♣ #.#


You could see Crazy Yiuf.

Vanquished Creatures
  Terence (D:2)
  An adder (D:2)
  A worm (D:2)
  2 giant cockroaches
  6 hobgoblins
  4 kobolds (D:1)
  6 bats (D:1)
  4 frilled lizards
  5 goblins
30 creatures vanquished.

Notes
Turn   | Place    | Note
-------+----------+-------------------------------------------
     0 | D:1      | Bapho the Draconian Monk began the quest for the Orb.
     0 | D:1      | Reached XP level 1. HP: 19/19 MP: 1/1
   133 | D:1      | Reached XP level 2. HP: 26/26 MP: 2/2
   484 | D:1      | Reached skill level 4 in Long Blades
   872 | D:2      | Reached XP level 3. HP: 31/31 MP: 3/3
   912 | D:2      | Found a faded altar of an unknown god.
  1261 | D:2      | Noticed Terence
  1283 | D:2      | Killed Terence
  1695 | D:2      | Found a runed door.
  1699 | D:2      | Noticed Crazy Yiuf
  1706 | D:2      | HP: 1/31 [Crazy Yiuf/quarterstaff of chaos (8)]
  1706 | D:2      | Slain by Crazy Yiuf

Skill      XL: |  1  2 |
---------------+-------+-----
Long Blades    | 4 |  4.9
Fighting       | |  3.2
Dodging        | |  2.6
Stealth        | |  1.7

Action                   || total
-------------------------++-------
Melee: Falchion          ||    88
       Tailslap          ||    15
Throw: Stone             ||    71
 Stab: Sleeping          ||     1
  Eat: Chunk             ||     3
Armor: Skin              ||    25
Dodge: Dodged            ||    66
       Rpst.: Falchion   ||    22
